 Dungeon Crawl Stone Soup version 0.18.1-50-g88ac8fd (webtiles) character file.

184 freshcrawler the Conjurer (level 5, -1/28 HPs)
             Began as a Deep Elf Conjurer on Oct 13, 2016.
             Killed themself with a badly aimed iceblast (16 damage)
             ... on level 4 of the Dungeon.
             The game lasted 00:28:45 (4003 turns).

freshcrawler the Conjurer (Deep Elf Conjurer)       Turns: 4003, Time: 00:28:46

Health: -1/28      AC:  4    Str:  5    XL:     5   Next: 36%
Magic:  2/14       EV: 13    Int: 21    God:
Gold:   178        SH:  0    Dex: 15    Spells: 3 memorised, 7 levels left

rFire  + . .     SeeInvis .     t - +0 quarterstaff (drain)
rCold  . . .     Gourm    .     a - +1 robe
rNeg   . . .     Faith    .     (shield currently unavailable)
rPois  .         Spirit   .     (no helmet)
rElec  .         Dismiss  .     (no cloak)
rCorr  .         Reflect  .     (no gloves)
SustAt .         Harm     +     j - +0 pair of boots
MR     .....                    z - amulet of harm
Stlth  ++........               u - ring of protection from fire
                                e - ring of wizardry

@: very slightly contaminated, not resistant to hostile enchantments, unstealthy
A: no striking features
a: no special abilities


You were on level 4 of the Dungeon.
You were not hungry.

You visited 1 branch of the dungeon, and saw 4 of its levels.

You collected 178 gold pieces.

Inventory:

Hand Weapons
 i - a +0 dagger
 l - a -3 spear
 t - a +0 quarterstaff of draining (weapon)
 D - a +0 club
Armour
 a - a +1 robe (worn)
 j - a +0 pair of boots (worn)
 s - a +0 chain mail
 A - a +0 chain mail
Jewellery
 e - a ring of wizardry (left hand)
 u - a ring of protection from fire (right hand)
 x - an uncursed amulet of guardian spirit
 z - an amulet of harm (around neck)
Wands
 q - a wand of iceblast (11/15)
 v - a wand of heal wounds (2/9)
Scrolls
 o - 3 scrolls of magic mapping
 r - a scroll of remove curse
 B - 2 scrolls of identify
Potions
 d - 2 potions of lignification {unknown}
 f - 5 potions of curing
 g - a potion of invisibility {unknown}
 h - a potion of mutation {unknown}
 k - a potion of flight {unknown}
 m - 2 potions of magic
 n - a potion of haste {unknown}
 p - 2 potions of degeneration
Books
 b - a book of Conjurations

   Spells                             Type                      Level
   a - Magic Dart                     Conjuration                  1
   b - Searing Ray                    Conjuration                  2
   c - Dazzling Spray                 Conjuration/Hexes            3
   d - Fulminant Prism                Conjuration/Hexes            4
   e - Iskenderun's Mystic Blast      Conjuration                  4
   f - Iskenderun's Battlesphere      Conjuration/Charms           5
 y - a book of the Tempests

   Spells                             Type                      Level
   a - Static Discharge               Conjuration/Air              3
   b - Lightning Bolt                 Conjuration/Air              5
   c - Fireball                       Conjuration/Fire             5
   d - Tornado                        Air                          9
   e - Shatter                        Earth                        9
Comestibles
 c - 2 meat rations
 w - 2 bread rations


   Skills:
 + Level 0.2 Fighting
 + Level 2.8 Dodging
 + Level 3.1 Stealth
 + Level 4.8 Spellcasting
 + Level 6.0 Conjurations
 + Level 0.6 Hexes


You had 7 spell levels left.
You knew the following spells:

 Your Spells              Type           Power        Failure   Level  Hunger
a - Magic Dart            Conj           ####         1%          1    None
b - Searing Ray           Conj           ####..       1%          2    None
c - Dazzling Spray        Conj/Hex       ###...       4%          3    ##.....


Dungeon Overview and Level Annotations

Branches:
Dungeon (4/15)             Temple (0/1) D:4

Altars:
Kikubaaqudgha
Qazlal


Message History

Press: ? - help, Dir - move target cursor, p - phantom You can't see that place.
Sorry, you can't target what you can't see.
Okay, then.
Blink to where?
Press: ? - help, Dir - move target cursor You are very lightly contaminated with residual magic.
As you read the scroll of blinking, it crumbles to dust.
The hound closely misses you. The hound bites you. The hound bites you.
Zapping:
q - a wand of iceblast {recharged} (will waste charges)
Press: ? - help, Shift-Dir - straight line That beam is likely to hit you.
Continue anyway?
The mass of ice explodes!
The iceblast engulfs the hound.
You kill the hound!
Your Conjurations skill increases to level 6!
The iceblast engulfs you!
Ouch! That really hurt!
You die...

#W#.# #.#.#
######## #.#.#
...W.§.# .#
######.# .# #h# ###
.# #.# ..###.#
#.######.#.######.#
#.........†@......#
#########.#########
#.# #.. ####


There were no monsters in sight!

Vanquished Creatures
  A hound (D:4)
  4 adders
  3 gnolls (D:4)
  3 worms
  2 dart slugs
  A giant gecko (D:1)
  2 orcs (D:3)
  A ball python (D:1)
  7 bats
  2 giant cockroaches
  6 goblins
  9 hobgoblins
  10 jackals
  2 quokkas (D:2)
  5 giant newts
  10 kobolds
  4 rats
72 creatures vanquished.

Notes
Turn   | Place    | Note
--------------------------------------------------------------
     0 | D:1      | freshcrawler the Deep Elf Conjurer began the quest for the Orb.
     0 | D:1      | Reached XP level 1. HP: 10/10 MP: 6/6
   322 | D:1      | Reached XP level 2. HP: 15/15 MP: 5/8
   454 | D:1      | Reached skill level 5 in Conjurations
   509 | D:1      | Learned a level 2 spell: Searing Ray
  1145 | D:1      | Reached XP level 3. HP: 19/19 MP: 6/9
  2201 | D:2      | Reached XP level 4. HP: 24/24 MP: 8/11
  2261 | D:2      | Found a stormy altar of Qazlal.
  3693 | D:4      | Found a staircase to the Ecumenical Temple.
  3806 | D:4      | Learned a level 3 spell: Dazzling Spray
  3820 | D:4      | Reached XP level 5. HP: 28/28 MP: 10/13
  3821 | D:4      | Noticed a phantom
  3976 | D:4      | Found an ancient bone altar of Kikubaaqudgha.
  4003 | D:4      | Reached skill level 6 in Conjurations
  4003 | D:4      | Killed themself with a badly aimed iceblast

Skill      XL: |  1  2  3  4  5 |
---------------+----------------+-----
Conjurations   | 5 6 |  6.0
Stealth        | 3 |  3.1
Spellcasting   | 4 |  4.8
Fighting       | |  0.2
Dodging        | |  2.8
Hexes          | |  0.6

Action                   |  1- 3 |  4- 6 || total
-------------------------+-------+-------++-------
Melee: Spear             |     1 |       ||     1
 Cast: Magic Dart        |    70 |    46 ||   116
       Searing Ray       |     3 |     9 ||    12
       Dazzling Spray    |       |     9 ||     9
  Use: Scroll            |     4 |     6 ||    10
       Potion            |     2 |       ||     2
  Eat: Bread ration      |     1 |     1 ||     2
       Fruit             |       |     2 ||     2
Armor: Robe              |     1 |    11 ||    12
Dodge: Dodged            |    16 |    31 ||    47
